 Dungeon Sprint DCSS version 0.17.1-1-g73c8601 (webtiles) character file.

224704 Ponchio the Gargoyle Barricade (level 19, -7/151 HPs)
             Began as a Gargoyle Fighter on Dec 27, 2015.
             Was the Champion of Qazlal.
             Killed from afar by Lom Lobon (46 damage)
             ... with a great icy blast
             ... in the Dungeon (Sprint VII: "The Pits") on Dec 28, 2015.
             The game lasted 02:22:12 (9083 turns).

Ponchio the Gargoyle Barricade (Gargoyle Fighter)   Turns: 9083, Time: 02:22:12

Health: -7/151     AC: 63    Str: 21    XL:     19   Next: 30%
Magic:  6/44       EV: 21    Int:  9    God:    Qazlal [******]
Gold:   179        SH: 38    Dex: 14    Spells: 0 memorised, 18 levels left

rFire  + + +     SeeInvis +     O - +5 flail "Nyoquaf" {crush, rPois rF++ MP+9}
rCold  + + +     Clarity  .     q - +4 plate armour {rN+}
rNeg   + + +     SustAt   .     V - +4 large shield {rF+}
rPois  ∞         Gourm    .     P - +4 helmet of Hairiness {rC+}
rElec  +         Spirit   .     a - +1 ratskin cloak {rPois rN+ Int-1 Dex-1}
rCorr  .         Warding  .     T - +2 pair of gloves
rMut   .         NoTele   +     Y - +2 pair of boots {run}
MR     +++..                    W - amulet "Kagommoi" {*Contam rF+ Regen+ SInv}
Stlth  ..........               y - ring of Rukeicu {rC+ Slay+5}
                                U - ring "Giudof Haus" {rC+ MR++ AC+6}

@: protected from cold, very slightly contaminated, repel missiles, quick,
extremely resistant to hostile enchantments, extremely unstealthy
A: big wings, negative energy resistance 1, electricity resistance, unbreathing,
petrification resistance, no device heal 1, rot immunity, subdued magic 1, AC
+13
a: Fly, Upheaval, Elemental Force, Disaster Area, Renounce Religion
}: 1/15 runes: silver


You were in the Dungeon.
You worshipped Qazlal.
Qazlal was exalted by your worship.
You were not hungry.

You visited 1 branch You collected 179 gold pieces.

Inventory:

Hand Weapons
 O - the +5 flail "Nyoquaf" (weapon) {crush, rPois rF++ MP+9}
   (You found it in the Dungeon)

   It inflicts extra damage upon your enemies.
   It greatly protects you from fire.
   It protects you from poison.
   It affects your magic capacity (+9).
Armour
 a - the +1 ratskin cloak (worn) {rPois rN+ Int-1 Dex-1}
   (You found it in the Dungeon)

   It affects your intelligence (-1).
   It affects your dexterity (-1).
   It protects you from poison.
   It protects you from negative energy.
 q - a +4 plate armour of positive energy (worn)
 r - a +2 crystal plate armour
 s - a pearl dragon hide
 P - the +4 helmet of Hairiness (worn) {rC+}
   (You found it in the Dungeon)

   It protects you from cold.
 T - a +2 pair of gloves (worn)
 V - a +4 large shield of fire resistance (worn)
 Y - a +2 pair of boots of running (worn)
Jewellery
 c - the ring of the Equinox {rN+ MR+ Str+6}
   (You found it in the Dungeon)

   [ring of positive energy]

   It affects your strength (+6).
   It protects you from negative energy.
   It affects your resistance to hostile enchantments.
 x - the amulet "Ebiemi" {Stasis Int+3 Dex-3 Slay+3 SInv}
   (You found it in the Dungeon)

   [amulet of stasis]

   It prevents you from being teleported, slowed, hasted or paralysed.
   It affects your intelligence (+3).
   It affects your dexterity (-3).
   It affects your accuracy and damage with ranged weapons and melee attacks
   (+3).
   It lets you see invisible.
 y - the ring of Rukeicu (right hand) {rC+ Slay+5}
   (You found it in the Dungeon)

   [ring of slaying]

   It affects your accuracy and damage with ranged weapons and melee attacks
   (+5).
   It protects you from cold.
 L - the ring "Fiar" {rPois Str+6 Slay+5}
   (You found it in the Dungeon)

   [ring of slaying]

   It affects your strength (+6).
   It affects your accuracy and damage with ranged weapons and melee attacks
   (+5).
   It protects you from poison.
 S - the ring "Laham" {EV+6 Str+5 Int-2 Dex+4 SInv}
   (You found it in the Dungeon)

   [ring of evasion]

   It affects your evasion (+6).
   It affects your strength (+5).
   It affects your intelligence (-2).
   It affects your dexterity (+4).
   It lets you see invisible.
 U - the ring "Giudof Haus" (left hand) {rC+ MR++ AC+6}
   (You found it in the Dungeon)

   [ring of protection]

   It affects your AC (+6).
   It protects you from cold.
   It affects your resistance to hostile enchantments.
 W - the amulet "Kagommoi" (around neck) {*Contam rF+ Regen+ SInv}
   (You found it in the Dungeon)

   [amulet of regeneration]

   It protects you from fire.
   It lets you see invisible.
   It causes magical contamination when unequipped.
   It increases your rate of regeneration.
 X - the ring of Bielav {rF+ MR+}
   (You found it in the Dungeon)

   [ring of protection from fire]

   It protects you from fire.
   It affects your resistance to hostile enchantments.
Wands
 h - a wand of teleportation (5)
 i - a wand of lightning (9)
 n - a wand of heal wounds (5)
 p - a wand of hasting (4)
Scrolls
 o - 4 scrolls of remove curse
 t - 3 scrolls of fear
 v - 4 scrolls of recharging
 C - 4 scrolls of blinking
 E - 5 scrolls of identify
 G - a scroll of fog
Potions
 b - a potion of haste
 d - 4 potions of magic
 f - 11 potions of curing
 g - a potion of cancellation
 j - 4 potions of berserk rage
 u - 4 potions of heal wounds
 w - 4 potions of cure mutation
 z - 2 potions of agility
 A - 3 potions of flight
 B - a potion of might
 D - 5 potions of brilliance
 F - 2 potions of resistance
Miscellaneous
 k - a phial of floods (inert)
Comestibles
 e - 8 bread rations
 l - 40 fruits


   Skills:
 O Level 27 Fighting
 - Level 16.0 Maces & Flails
 O Level 27 Armour
 O Level 27 Dodging
 O Level 27 Shields
 + Level 24.8 Invocations


You had 18 spell levels left.
You didn't know any spells.

Dungeon Overview and Level Annotations

Branches:
Dungeon (1/1)

Altars:
Ashenzari
Cheibriados
Dithmenos
Elyvilon
Fedhas
Gozag
Kikubaaqudgha
Makhleb
Nemelex Xobeh
Okawaru
Qazlal
Ru
Sif Muna
Trog
Vehumet
Xom
Yredelemnul
Zin
The Shining One
Beogh
Jiyva
Lugonu

Annotations:
D Lom Lobon


Innate Abilities, Weirdness & Mutations

You are resistant to torment.
Your stone body is resilient (AC +13).
You are immune to poison.
Your large and strong wings let you fly indefinitely.
You resist negative energy.
You are resistant to electric shocks.
You can survive without breathing.
You are immune to petrification.
You are immune to rotting.
Potions and wands are less effective at restoring your health.
Your spells are a little easier to cast, but a little less powerful.


Message History

Lom Lobon completely resists.
The ball lightning explodes!
The blast of lightning engulfs you! You resist.
* * * LOW HITPOINT WARNING * * *
The blast of lightning engulfs the ball lightning.
The ball lightning completely resists.
The blast of lightning engulfs the ball lightning.
The ball lightning completely resists.
The blast of lightning engulfs Lom Lobon.
Lom Lobon completely resists.
The ball lightning explodes!
The blast of lightning engulfs you!
The blast of lightning engulfs the ball lightning.
The ball lightning completely resists.
The blast of lightning engulfs Lom Lobon.
Lom Lobon completely resists.
Lom Lobon gestures at you.
Lom Lobon conjures a mighty blast of ice!
The great icy blast engulfs you! You partially resist.
You die...

,,,** ****,***,***,***,,,,**#÷#
**** *,+,,,+,,,+,,,****### #†#
**** *+**,***,###,###,+#.###'#
,,,*** **,***,*+#.###.###...##.#
,,,,,***+*+,**+,##'.##'§'#.###†#
,,,,,,**,*,,,+,,,#...#.§.#'# #.#
,,,,,,***+*,#**,###.'##§##.###'#
,,,,,,***,*##§###§###.'##...##.##
,,,,,***,,,+§§§§@§*((..##')##§..#
,,,*** **,*##.###&###.##.##''.).#
**** *** #** ### ##########)##
##############################)#
#.....#..#====.....#........##.#
#.....#..#====.....#......§.##'#
####'.#..#####'#####''#''#####.#
#...........................##'#
#.....#...)...........#.....##.#


You could see Lom Lobon and a ball lightning (wandering).

Vanquished Creatures
  An orb of fire (D)
  An ancient lich (D)
  3 pandemonium lords (D)
  2 greater mummies (D)
  Margery (D)
  Norris (D)
  A Killer Klown (D)
  A golden dragon (D)
  Jory (D)
  A profane servitor (D)
  Xtahua (D)
  2 Brimstone Fiends (D)
  A pearl dragon (D)
  An electric golem (D)
  A hellephant (D)
  A tentacled monstrosity (D)
  4 liches (D)
  A Hell Sentinel (D)
  2 titans (D)
  2 quicksilver dragons (D)
  A deep elf blademaster (D)
  3 deep elf master archers (D)
  A Shadow Fiend (D)
  A sphinx (D)
  Agnes (D)
  A shadow dragon (D)
  A greater naga (D)
  A draconian monk (D)
  2 fire giants (D)
  2 deep elf sorcerers (D)
  2 ghost moths (D)
  A balrug (D)
  6 frost giants (D)
  An azure jelly (D)
  A draconian scorcher (D)
  An iron dragon (D)
  4 orc warlords (D)
  2 cacodemons (D)
  A reaper (D)
  4 angels (D)
  A war gargoyle (D)
  A draconian annihilator (D)
  3 stone giants (D)
  A green draconian (D)
  An ophan (D)
  5 deep elf demonologists (D)
  Nessos (D)
  A lorocyproca (D)
  12 dire elephants (D)
  A deep elf annihilator (D)
  A mottled draconian (D)
  3 red draconians (D)
  2 small abominations (D)
  4 yellow draconians (D)
  A purple draconian (D)
  3 minotaurs (D)
  A deep elf death mage (D)
  A merfolk javelineer (D)
  An ettin (D)
  2 mummy priests (D)
  A merfolk impaler (D)
  A blizzard demon (D)
  2 vault guards (D)
  2 eidola (D)
  Josephine (D)
  2 green deaths (D)
  2 great orbs of eyes (D)
  3 yaktaur captains (D)
  An ice dragon (D)
  3 naga warriors (D)
  A hell beast (D)
  7 hydras (D)
  An anaconda (D)
  5 catoblepae (D)
  An alligator snapping turtle (D)
  2 merfolk aquamancers (D)
  3 ogre magi (D)
  A spriggan air mage (D)
  2 dancing weapons (D)
  2 death knights (D)
  A vampire mage (D)
  An alligator (D)
  2 hell hogs (D)
  An orc high priest (D)
  8 hell knights (D)
  3 deep elf knights (D)
  An unseen horror (D)
  3 swamp dragons (D)
  3 sea snakes (D)
  A ball lightning (D)
  A shadow wraith (D)
  2 phantasmal warriors (D)
  4 harpies (D)
  A deep troll (D)
  11 orc knights (D)
  3 orc sorcerers (D)
  A wolf spider (D)
  4 necromancers (D)
  7 lindwurms (D)
  A hornet (D)
  An ugly thing (D)
  A cyclops (D)
  2 wizards (D)
  A sixfirhy (D)
  4 naga magi (D)
  A black mamba (D)
  A smoke demon (D)
  A gargoyle (D)
  5 komodo dragons (D)
  An efreet (D)
  2 spiny frogs (D)
  A demonic crawler (D)
  2 tormentors (D)
  11 yaktaurs (D)
  2 hellwings (D)
  A deep elf priest (D)
  2 wandering mushrooms (D)
  4 fire drakes (D)
  A jumping spider (D)
  7 merfolk (D)
  2 wind drakes (D)
  A giant leech (D)
  A blue devil (D)
  5 slime creatures (D)
  A two-headed ogre (D)
  A bog body (D)
  A jumping spider (shapeshifter) (D)
  A shadow (D)
  3 yaks (D)
  2 vampires (D)
  5 redbacks (D)
  2 spriggans (D)
  5 water elementals (D)
  3 wraiths (D)
  A deep elf mage (D)
  A wyvern (D)
  A golden eye (shapeshifter) (D)
  3 basilisks (D)
  A tarantella (D)
  4 steam dragons (D)
  A hungry ghost (D)
  A hippogriff (D)
  A chaos spawn (D)
  2 wargs (D)
  A neqoxec (D)
  2 mottled dragons (D)
  A wolf (D)
  3 nagas (D)
  5 swamp drakes (D)
  3 wasps (D)
  A sky beast (D)
  A porcupine (D)
  An eye of draining (D)
  3 orc warriors (D)
  An ogre (D)
  2 centaurs (D)
  A giant frog (shapeshifter) (D)
  Blork the orc (D)
  2 brain worms (D)
  An earth elemental (D)
  A scorpion (D)
  10 killer bees (D)
  2 orc priests (D)
  A hound (D)
  3 orc wizards (D)
  3 quasits (D)
  2 mummies (D)
  A gnoll (D)
  2 adders (D)
  A giant eyeball (D)
  An ooze (D)
  2 ufetubi (D)
  2 adder zombies (D)
  2 giant geckos (D)
  16 orcs (D)
  2 ball pythons (D)
  2 bat skeletons (D)
  3 bat zombies (D)
  2 goblins (D)
  A hobgoblin (D)
  A kobold (D)
  A bat (D)
  A giant gecko simulacrum (D)
  A jackal simulacrum (D)
406 creatures vanquished.

Vanquished Creatures (others)
  A bone dragon (D)
  A draconian annihilator (D)
  17 ball lightnings (D)
  A fire drake (D)
  A jumping spider (D)
  A tarantella (D)
  3 steam dragons (D)
  An adder skeleton (D)
  An adder zombie (D)
  An orc (D)
28 creatures vanquished.

Grand Total: 434 creatures vanquished

Notes
Turn   | Place    | Note
--------------------------------------------------------------
     0 | D        | Ponchio the Gargoyle Fighter began the quest for the Orb.
     0 | D        | Reached XP level 1. HP: 14/14 MP: 1/1
    25 | D        | Noticed a brain worm
    32 | D        | Killed a brain worm
    32 | D        | Reached skill level 5 in Fighting
    32 | D        | Reached skill level 5 in Armour
    32 | D        | Reached skill level 5 in Shields
    32 | D        | Reached XP level 2. HP: 17/21 MP: 2/2
    32 | D        | Reached XP level 3. HP: 21/26 MP: 3/3
    32 | D        | Reached XP level 4. HP: 25/31 MP: 4/4
   108 | D        | Found a sacrificial altar of Ru.
   108 | D        | Found a basalt altar of Yredelemnul.
   108 | D        | Found a shadowy altar of Dithmenos.
   108 | D        | Found a deep blue altar of Sif Muna.
   108 | D        | Found a burning altar of Makhleb.
   108 | D        | Found a shimmering altar of Xom.
   108 | D        | Found an ancient bone altar of Kikubaaqudgha.
   108 | D        | Found a sparkling altar of Nemelex Xobeh.
   109 | D        | Found a glowing golden altar of the Shining One.
   109 | D        | Found a bloodstained altar of Trog.
   109 | D        | Found a shattered altar of Ashenzari.
   109 | D        | Found a white marble altar of Elyvilon.
   109 | D        | Found a snail-covered altar of Cheibriados.
   109 | D        | Found a blossoming altar of Fedhas.
   109 | D        | Found a radiant altar of Vehumet.
   109 | D        | Found a glowing silver altar of Zin.
   109 | D        | Found a corrupted altar of Lugonu.
   109 | D        | Found a viscous altar of Jiyva.
   109 | D        | Found a roughly hewn altar of Beogh.
   109 | D        | Found an iron altar of Okawaru.
   115 | D        | Found a stormy altar of Qazlal.
   115 | D        | Found an opulent altar of Gozag.
   119 | D        | Became a worshipper of Qazlal Stormbringer
   267 | D        | Reached * piety under Qazlal
   275 | D        | Noticed a brain worm
   279 | D        | Killed a brain worm
   279 | D        | Reached ** piety under Qazlal
   279 | D        | Reached skill level 6 in Fighting
   279 | D        | Reached skill level 5 in Maces & Flails
   279 | D        | Reached XP level 5. HP: 37/37 MP: 5/5
   356 | D        | Noticed Blork the orc
   357 | D        | Noticed a wolf
   391 | D        | Killed a wolf
   391 | D        | Reached skill level 7 in Fighting
   391 | D        | Reached XP level 6. HP: 38/44 MP: 6/6
   392 | D        | Noticed a hungry ghost
   392 | D        | Reached *** piety under Qazlal
   417 | D        | Killed Blork the orc
   417 | D        | Reached skill level 8 in Fighting
   432 | D        | Killed a hungry ghost
   432 | D        | Reached XP level 7. HP: 40/50 MP: 7/7
   437 | D        | Reached **** piety under Qazlal
   505 | D        | Noticed a sky beast
   511 | D        | Killed a sky beast
   511 | D        | Reached skill level 9 in Fighting
   515 | D        | Noticed a cyclops
   534 | D        | Killed a cyclops
   534 | D        | Reached skill level 10 in Fighting
   534 | D        | Reached skill level 10 in Armour
   534 | D        | Reached skill level 10 in Shields
   534 | D        | Reached XP level 8. HP: 24/57 MP: 8/8
   706 | D        | Noticed a scorpion
   706 | D        | Noticed a steam dragon
   706 | D        | Noticed an orc knight
   706 | D        | Noticed an ogre
   706 | D        | Noticed an orc warrior
   706 | D        | Noticed an orc sorcerer
   715 | D        | Killed an orc warrior
   723 | D        | Killed a steam dragon
   727 | D        | Noticed a red devil
   734 | D        | Noticed a sixfirhy
   747 | D        | Noticed a hellwing
   750 | D        | Noticed a smoke demon
   750 | D        | Killed an ogre
   757 | D        | Killed a scorpion
   757 | D        | Reached ***** piety under Qazlal
   763 | D        | Noticed a red devil
   784 | D        | Killed an orc knight
   784 | D        | Reached skill level 11 in Fighting
   784 | D        | Reached skill level 10 in Maces & Flails
   784 | D        | Reached XP level 9. HP: 46/64 MP: 9/9
   790 | D        | Killed an orc sorcerer
  1096 | D        | Noticed a porcupine
  1096 | D        | Noticed a phantasmal warrior
  1103 | D        | Killed a phantasmal warrior
  1103 | D        | Reached skill level 12 in Fighting
  1105 | D        | Killed a porcupine
  1121 | D        | Noticed a hellwing
  1138 | D        | Noticed a jumping spider
  1140 | D        | Killed a hellwing
  1160 | D        | Killed a jumping spider
  1160 | D        | Reached ****** piety under Qazlal
  1236 | D        | Noticed a spiny frog
  1236 | D        | Noticed an orc sorcerer
  1245 | D        | Killed an orc sorcerer
  1245 | D        | Reached XP level 10. HP: 70/72 MP: 10/10
  1246 | D        | Killed a spiny frog
  1262 | D        | Noticed a yak
  1262 | D        | Noticed a yak
  1264 | D        | Noticed a yak
  1273 | D        | Killed a yak
  1273 | D        | Reached skill level 13 in Armour
  1275 | D        | Killed a yak
  1280 | D        | Killed a yak
  1298 | D        | Noticed a necromancer
  1300 | D        | Noticed a centaur
  1303 | D        | Noticed a spiny frog
  1309 | D        | Noticed a neqoxec
  1314 | D        | Noticed a wraith
  1314 | D        | Noticed a shadow
  1314 | D        | Noticed a tarantella
  1318 | D        | Killed a necromancer
  1321 | D        | Noticed a basilisk
  1324 | D        | Killed a shadow
  1328 | D        | Noticed a hound
  1329 | D        | Killed a hound
  1335 | D        | Noticed a wasp
  1337 | D        | Killed a basilisk
  1339 | D        | Noticed a deep elf priest
  1339 | D        | Killed a wasp
  1345 | D        | Noticed a hornet
  1349 | D        | Killed a tarantella
  1378 | D        | Reached skill level 14 in Armour
  1380 | D        | Killed a deep elf priest
  1388 | D        | Killed a centaur
  1409 | D        | Reached XP level 11. HP: 51/80 MP: 11/11
  1417 | D        | Killed a spiny frog
  1424 | D        | Killed a wraith
  1428 | D        | Gained mutation: You expend magic power (3 MP) to strengthen your wands. [a neqoxec]
  1429 | D        | Killed a neqoxec
  1438 | D        | Killed a hornet
  1453 | D        | Noticed a giant leech
  1462 | D        | Noticed a demonic crawler
  1463 | D        | Noticed a quasit
  1468 | D        | Noticed a centaur
  1472 | D        | Killed a quasit
  1473 | D        | Noticed a wraith
  1477 | D        | Noticed Josephine
  1483 | D        | Killed a demonic crawler
  1486 | D        | Killed a centaur
  1487 | D        | Noticed a wraith
  1489 | D        | Noticed a lindwurm
  1491 | D        | Killed a giant leech
  1498 | D        | Noticed a quasit
  1498 | D        | Killed Josephine
  1500 | D        | Noticed an orc wizard
  1503 | D        | Killed a wraith
  1503 | D        | Reached skill level 15 in Armour
  1506 | D        | Noticed a killer bee
  1507 | D        | Noticed a killer bee
  1508 | D        | Killed a wraith
  1508 | D        | Reached skill level 15 in Shields
  1509 | D        | Noticed a killer bee
  1510 | D        | Noticed a killer bee
  1511 | D        | Noticed a killer bee
  1512 | D        | Killed a shadow wraith
  1512 | D        | Reached skill level 15 in Fighting
  1514 | D        | Noticed a killer bee
  1516 | D        | Killed a lindwurm
  1517 | D        | Killed a quasit
  1519 | D        | Killed a killer bee
  1521 | D        | Killed a killer bee
  1526 | D        | Killed a killer bee
  1530 | D        | Killed an orc wizard
  1532 | D        | Killed a killer bee
  1548 | D        | Killed a killer bee
  1549 | D        | Killed a killer bee
  1581 | D        | Noticed a vampire mage
  1779 | D        | Noticed an orc high priest
  1784 | D        | Noticed an orc wizard
  1789 | D        | Killed an orc high priest
  1794 | D        | Killed an orc wizard
  1817 | D        | Killed a vampire mage
  2099 | D        | Noticed a sea snake
  2102 | D        | Noticed an orc priest
  2119 | D        | Killed a sea snake
  2123 | D        | Killed an orc priest
  2157 | D        | Noticed a necromancer
  2164 | D        | Killed a necromancer
  2333 | D        | Noticed a smoke demon
  2342 | D        | Killed a smoke demon
  2342 | D        | Reached XP level 12. HP: 86/88 MP: 12/12
  2348 | D        | Noticed a merfolk
  2353 | D        | Noticed a merfolk
  2354 | D        | Noticed a merfolk javelineer
  2354 | D        | Noticed a killer bee
  2354 | D        | Noticed a killer bee
  2354 | D        | Noticed a deep elf knight
  2355 | D        | Noticed a killer bee
  2357 | D        | Noticed a killer bee
  2357 | D        | Killed a merfolk
  2357 | D        | Reached skill level 16 in Shields
  2362 | D        | Killed a killer bee
  2364 | D        | Killed a killer bee
  2366 | D        | Killed a killer bee
  2367 | D        | Killed a deep elf knight
  2368 | D        | Killed a killer bee
  2369 | D        | Killed a merfolk javelineer
  2369 | D        | Reached skill level 15 in Maces & Flails
  2377 | D        | Killed a merfolk
  2440 | D        | Noticed a phantasmal warrior
  2447 | D        | Killed a phantasmal warrior
  2482 | D        | Noticed a merfolk aquamancer
  2482 | D        | Noticed a water elemental
  2482 | D        | Noticed a water elemental
  2483 | D        | Noticed a merfolk
  2487 | D        | Killed a water elemental
  2492 | D        | Killed a water elemental
  2506 | D        | Killed a merfolk
  2506 | D        | Killed a merfolk aquamancer
  2533 | D        | Noticed a slime creature
  2534 | D        | Noticed a slime creature
  2535 | D        | Noticed a slime creature
  2537 | D        | Noticed a slime creature
  2537 | D        | Killed a slime creature
  2545 | D        | Killed a slime creature
  2549 | D        | Killed a slime creature
  2551 | D        | Killed a slime creature
  2584 | D        | Noticed a bog body
  2590 | D        | Killed a bog body
  2592 | D        | Noticed a slime creature
  2597 | D        | Killed a slime creature
  2601 | D        | Noticed a sea snake
  2606 | D        | Killed a sea snake
  2611 | D        | Noticed a vampire
  2616 | D        | Killed a vampire
  2643 | D        | Noticed an orc knight
  2643 | D        | Noticed an orc knight
  2643 | D        | Noticed an orc knight
  2643 | D        | Noticed an orc knight
  2644 | D        | Noticed a naga
  2644 | D        | Noticed an orc warlord
  2644 | D        | Noticed an orc warlord
  2645 | D        | Noticed a water elemental
  2645 | D        | Noticed a yaktaur
  2691 | D        | Reached skill level 17 in Shields
  2717 | D        | Killed an orc knight
  2723 | D        | Killed a yaktaur
  2726 | D        | Killed an orc knight
  2755 | D        | Killed a naga
  2789 | D        | Killed a water elemental
  2802 | D        | Noticed a vault guard
  2816 | D        | Noticed an orc knight
  2864 | D        | Killed an orc knight
  2870 | D        | Killed a vault guard
  2926 | D        | Noticed an orc knight
  2956 | D        | Killed an orc knight
  2963 | D        | Killed an orc knight
  2991 | D        | Noticed a naga
  3004 | D        | Noticed a naga
  3074 | D        | Killed an orc warlord
  3074 | D        | Reached XP level 13. HP: 86/97 MP: 13/13
  3144 | D        | Noticed an orc knight
  3151 | D        | Killed an orc knight
  3172 | D        | Killed an orc warlord
  3172 | D        | Reached skill level 18 in Fighting
  3179 | D        | Noticed a spriggan rider
  3183 | D        | Noticed an orc knight
  3188 | D        | Killed a spriggan
  3189 | D        | Killed a wasp
  3196 | D        | Killed an orc knight
  3205 | D        | Noticed a deep elf knight
  3205 | D        | Noticed a yaktaur
  3205 | D        | Noticed a deep elf knight
  3206 | D        | Noticed a naga warrior
  3232 | D        | Killed a deep elf knight
  3243 | D        | Killed a naga
  3256 | D        | Noticed a yaktaur
  3260 | D        | Noticed a yaktaur captain
  3263 | D        | Noticed a naga warrior
  3266 | D        | Killed a yaktaur
  3268 | D        | Noticed a naga warrior
  3270 | D        | Killed a naga
  3271 | D        | Killed a yaktaur captain
  3280 | D        | Killed a naga warrior
  3281 | D        | Noticed a yaktaur
  3285 | D        | Killed a yaktaur
  3287 | D        | Noticed a yaktaur
  3288 | D        | Noticed a vault guard
  3296 | D        | Killed a naga warrior
  3299 | D        | Killed a naga warrior
  3301 | D        | Killed an orc knight
  3302 | D        | Noticed an orc knight
  3305 | D        | Killed a deep elf knight
  3308 | D        | Killed a yaktaur
  3308 | D        | Reached skill level 19 in Armour
  3321 | D        | Killed an orc knight
  3321 | D        | Killed a yaktaur
  3324 | D        | Noticed a yaktaur
  3328 | D        | Killed a vault guard
  3329 | D        | Noticed an orc knight
  3365 | D        | Killed a yaktaur
  3555 | D        | Killed an orc knight
  3586 | D        | Noticed a stone giant
  3587 | D        | Noticed a deep elf demonologist
  3619 | D        | Killed a stone giant
  3626 | D        | Killed a deep elf demonologist
  3774 | D        | Got the +8 falchion "Tofe" {venom, rC+ rN+ Str+3 Int+2}
  3819 | D        | Noticed a yaktaur captain
  3826 | D        | Killed a yaktaur captain
  4037 | D        | Noticed an ogre mage
  4038 | D        | Noticed a deep elf demonologist
  4039 | D        | Noticed a deep elf demonologist
  4039 | D        | Noticed a naga mage
  4039 | D        | Noticed an ogre mage
  4039 | D        | Noticed a deep elf demonologist
  4039 | D        | Noticed a deep elf sorcerer
  4040 | D        | Noticed a deep elf annihilator
  4041 | D        | Noticed a red draconian
  4065 | D        | Killed a deep elf sorcerer
  4070 | D        | Killed an ogre mage
  4074 | D        | Noticed a green death
  4078 | D        | Noticed a Brimstone Fiend
  4080 | D        | Killed a red draconian
  4080 | D        | Reached skill level 20 in Fighting
  4082 | D        | Killed a deep elf demonologist
  4082 | D        | Gained mutation: Your large and strong wings let you fly indefinitely. [Gargoyle growth]
  4082 | D        | Reached XP level 14. HP: 59/108 MP: 14/14
  4090 | D        | Noticed a yellow draconian
  4092 | D        | Killed an ogre mage
  4108 | D        | Killed a deep elf demonologist
  4112 | D        | Noticed an Ice Fiend
  4211 | D        | Killed a naga mage
  4292 | D        | Killed a yellow draconian
  4356 | D        | Noticed an unseen horror
  4357 | D        | Noticed an efreet
  4357 | D        | Noticed a hellwing
  4359 | D        | Killed a tarantella
  4360 | D        | Noticed a fire drake
  4361 | D        | Killed an unseen horror
  4362 | D        | Noticed a deep elf demonologist
  4364 | D        | Noticed a Hell Sentinel
  4365 | D        | Noticed a hell hog
  4366 | D        | Killed a deep elf demonologist
  4375 | D        | Killed an efreet
  4381 | D        | Noticed a yaktaur
  4381 | D        | Killed a hellwing
  4382 | D        | Noticed a hell hog
  4382 | D        | Noticed a great orb of eyes
  4387 | D        | Killed a great orb of eyes
  4396 | D        | Killed a hell hog
  4398 | D        | Noticed a merfolk impaler
  4399 | D        | Killed a hell hog
  4402 | D        | Noticed a wizard
  4402 | D        | Killed a fire drake
  4402 | D        | Reached skill level 21 in Armour
  4407 | D        | Killed a wizard
  4408 | D        | Noticed a merfolk
  4411 | D        | Noticed Nessos
  4411 | D        | Killed a merfolk
  4413 | D        | Noticed a merfolk
  4427 | D        | Killed Nessos
  4430 | D        | Noticed a short sword of electrocution
  4434 | D        | Killed a merfolk
  4435 | D        | Noticed a black mamba
  4443 | D        | Killed a black mamba
  4444 | D        | Noticed a quasit
  4444 | D        | Noticed a chaos spawn
  4444 | D        | Noticed a deep elf mage
  4450 | D        | Killed a merfolk impaler
  4451 | D        | Noticed a komodo dragon
  4453 | D        | Killed a komodo dragon
  4458 | D        | Killed a chaos spawn
  4465 | D        | Killed a yaktaur
  4466 | D        | Noticed a gargoyle
  4468 | D        | Killed a deep elf mage
  4471 | D        | Killed a quasit
  4478 | D        | Killed a gargoyle
  4482 | D        | Killed a short sword of electrocution
  4606 | D        | Noticed a sea snake
  4606 | D        | Noticed an anaconda
  4606 | D        | Noticed a minotaur
  4606 | D        | Noticed a great orb of eyes
  4606 | D        | Noticed a death knight
  4607 | D        | Noticed a hippogriff
  4607 | D        | Noticed a lich
  4608 | D        | Noticed a tentacled monstrosity
  4623 | D        | Noticed an Executioner
  4636 | D        | Killed an anaconda
  4645 | D        | Killed a sea snake
  4657 | D        | Killed a great orb of eyes
  4662 | D        | Killed a hippogriff
  4664 | D        | Killed a death knight
  4673 | D        | Noticed an Executioner
  4674 | D        | Killed a lich
  4674 | D        | Reached skill level 22 in Armour
  4678 | D        | Killed a minotaur
  4688 | D        | Got the +5 flail "Nyoquaf" {crush, rPois rF++ MP+9}
  4690 | D        | Got the +4 helmet of Hairiness {rC+}
  4883 | D        | Noticed a naga mage
  4886 | D        | Noticed a mottled draconian
  4887 | D        | Noticed a yaktaur
  4887 | D        | Noticed a green draconian
  4887 | D        | Noticed a yaktaur
  4888 | D        | Noticed a deep elf death mage
  4888 | D        | Noticed a yaktaur captain
  4889 | D        | Noticed an earth elemental
  4890 | D        | Noticed a naga mage
  4890 | D        | Noticed a lich
  4891 | D        | Noticed a frost giant
  4891 | D        | Killed a deep elf annihilator
  4921 | D        | Killed a yaktaur captain
  4929 | D        | Killed a naga mage
  4933 | D        | Killed a green draconian
  4941 | D        | Noticed a yaktaur
  4941 | D        | Killed a frost giant
  4950 | D        | Killed a lich
  4950 | D        | Reached XP level 15. HP: 61/118 MP: 15/15
  4952 | D        | Noticed a yaktaur
  4952 | D        | Killed a deep elf death mage
  4954 | D        | Killed a yaktaur
  4963 | D        | Killed a yaktaur
  4974 | D        | Killed a mottled draconian
  4975 | D        | Killed a yaktaur
  4976 | D        | Killed a yaktaur
  4984 | D        | Killed a naga mage
  4985 | D        | Killed an earth elemental
  5044 | D        | Noticed a mummy priest
  5045 | D        | Noticed a frost giant
  5058 | D        | Noticed an ogre mage
  5069 | D        | Killed a frost giant
  5069 | D        | Reached skill level 23 in Armour
  5074 | D        | Killed a mummy priest
  5079 | D        | Killed an ogre mage
  5129 | D        | Noticed a wizard
  5131 | D        | Killed a deep elf demonologist
  5136 | D        | Killed a wizard
  5255 | D        | Noticed a naga mage
  5263 | D        | Killed a naga mage
  5267 | D        | Noticed a lich
  5276 | D        | Killed a lich
  5347 | D        | Got the ring of Votib {Ice rN+}
  5349 | D        | Got the ring "Laham" {EV+6 Str+5 Int-2 Dex+4 SInv}
  5351 | D        | Got the ring of Boebyonk {rPois rC+ MP+9}
  5353 | D        | Got the ring "Giudof Haus" {rC+ MR++ AC+6}
  5355 | D        | Got the ring of Ydy Puhu {rC+ MR+ AC+6 Dex+2}
  5357 | D        | Got the ring of Les Uzoc {rPois rC+ rN+}
  5359 | D        | Got the ring of Bielav {rF+ MR+}
  5361 | D        | Got the ring "Bugaemeigia" {-Tele rElec rPois rF+ SInv}
  5363 | D        | Got the ring of Duebihod {*Drain rElec MR+ Slay+3}
  5387 | D        | Got the ring of the Heavens {Fire rPois SInv Stlth-}
  5389 | D        | Got the ring "Koivo" {+Blink rPois MR+ Dex+4 Slay-5}
  5391 | D        | Got the ring of Leuxzub {Wiz rElec rF+ Str-4 SInv}
  5393 | D        | Got the ring of Grace {-Tele rElec rC+ MR+ Dex+4}
  5463 | D        | Got the amulet of Matyokk {Gourm Str+3 Dex+4}
  5465 | D        | Got the amulet of the Sky {Gourm MP+9 Str+3}
  5467 | D        | Got the amulet "Ebiemi" {Stasis Int+3 Dex-3 Slay+3 SInv}
  5469 | D        | Got the ring of Boecaus {Ice +Blink Int-5 Dex+4}
  5471 | D        | Got the ring "Fiar" {rPois Str+6 Slay+5}
  5475 | D        | Got the amulet "Deuh" {Stasis Str+2}
  5477 | D        | Got the amulet of Xeacet {Gourm rN+ Dex+4}
  5479 | D        | Got the amulet of the Five Realms {Stasis +Fly rElec Dex+4}
  5481 | D        | Got the amulet "Esewkory" {Regen+ Int+4 Dex-4 Stlth+}
  5483 | D        | Got the ring "Irphisuc" {rPois Str+4 Int+4}
  5485 | D        | Got the amulet "Kagommoi" {*Contam rF+ Regen+ SInv}
  5487 | D        | Got the amulet of the Gloaming {+Rage +Fly rC+ MP+9 Int-4}
  5494 | D        | Got the ring of Rukeicu {rC+ Slay+5}
  5601 | D        | Noticed a wandering mushroom
  5601 | D        | Noticed a merfolk aquamancer
  5601 | D        | Noticed a merfolk
  5601 | D        | Noticed a water elemental
  5601 | D        | Noticed a water elemental
  5601 | D        | Noticed a merfolk
  5602 | D        | Noticed a wind drake
  5602 | D        | Noticed a blue devil
  5604 | D        | Noticed a fire giant
  5607 | D        | Noticed Agnes
  5607 | D        | Killed a wind drake
  5611 | D        | Noticed a redback
  5611 | D        | Killed a merfolk aquamancer
  5611 | D        | Killed a water elemental
  5615 | D        | Noticed a balrug
  5615 | D        | Noticed a spriggan rider
  5615 | D        | Killed a water elemental
  5617 | D        | Killed a merfolk
  5619 | D        | Noticed an orc sorcerer
  5622 | D        | Noticed a purple ugly thing
  5623 | D        | Killed a wasp
  5624 | D        | Noticed a wolf spider
  5625 | D        | Noticed an orc warlord
  5625 | D        | Noticed a warg
  5630 | D        | Noticed an orc warrior
  5638 | D        | Killed Agnes
  5640 | D        | Noticed a war gargoyle
  5644 | D        | Noticed a mummy priest
  5646 | D        | Killed a redback
  5646 | D        | Reached skill level 24 in Shields
  5647 | D        | Killed a fire giant
  5652 | D        | Noticed an orc priest
  5654 | D        | Noticed a warg
  5655 | D        | Noticed a two-headed ogre
  5655 | D        | Killed a wolf spider
  5657 | D        | Noticed a minotaur
  5658 | D        | Killed an orc warlord
  5658 | D        | Killed a spriggan
  5660 | D        | Noticed an angel
  5663 | D        | Killed a merfolk
  5675 | D        | Killed a blue devil
  5678 | D        | Killed a balrug
  5683 | D        | Killed a warg
  5688 | D        | Noticed an alligator
  5688 | D        | Killed a purple ugly thing
  5696 | D        | Noticed a stone giant
  5696 | D        | Killed a minotaur
  5701 | D        | Noticed a vampire
  5701 | D        | Killed a war gargoyle
  5701 | D        | Reached skill level 25 in Shields
  5709 | D        | Killed an angel
  5714 | D        | Noticed a trident of freezing
  5715 | D        | Killed a two-headed ogre
  5717 | D        | Killed an orc priest
  5741 | D        | Killed a stone giant
  5746 | D        | Killed an alligator
  5749 | D        | Gained mutation: Your magical capacity is low (-10% MP). [a neqoxec]
  5751 | D        | Killed a mummy priest
  5751 | D        | Killed an orc sorcerer
  5761 | D        | Killed a trident of freezing
  5878 | D        | Killed a wandering mushroom
  5892 | D        | Killed a vampire
  5902 | D        | Noticed a catoblepas
  5910 | D        | Killed a catoblepas
  5911 | D        | Killed an orc warrior
  5917 | D        | Noticed an alligator snapping turtle
  5932 | D        | Noticed a red draconian
  5933 | D        | Noticed a purple draconian monk
  5934 | D        | Noticed a lorocyproca
  5934 | D        | Noticed an ettin
  5934 | D        | Noticed a titan
  5939 | D        | Noticed an eidolon
  5941 | D        | Noticed a deep troll
  5942 | D        | Noticed a minotaur
  5945 | D        | Killed a red draconian
  5954 | D        | Killed a titan
  5954 | D        | Reached skill level 26 in Shields
  5956 | D        | Noticed a frost giant
  5964 | D        | Killed a purple draconian monk
  5968 | D        | Killed a minotaur
  5973 | D        | Noticed an angel
  5973 | D        | Killed a deep troll
  5978 | D        | Killed a frost giant
  5978 | D        | Reached XP level 16. HP: 112/129 MP: 13/14
  5983 | D        | Killed an ettin
  5995 | D        | Killed an angel
  5998 | D        | Killed a warg
  6002 | D        | Noticed a green death
  6005 | D        | Killed an eidolon
  6012 | D        | Noticed a frost giant
  6014 | D        | Killed a lorocyproca
  6024 | D        | Killed a frost giant
  6026 | D        | Killed a green death
  6046 | D        | Killed an alligator snapping turtle
  6079 | D        | Noticed a greater naga
  6090 | D        | Killed a greater naga
  6096 | D        | Noticed a dire elephant
  6108 | D        | Noticed a profane servitor
  6111 | D        | Killed a dire elephant
  6146 | D        | Killed a profane servitor
  6146 | D        | Reached skill level 27 in Shields
  6147 | D        | Noticed a wandering mushroom
  6156 | D        | Killed a wandering mushroom
  6331 | D        | Identified a +0 pair of boots of running (You found it in the Dungeon)
  6448 | D        | Noticed a steam dragon
  6448 | D        | Noticed a lindwurm
  6448 | D        | Noticed a fire drake
  6448 | D        | Noticed a swamp drake
  6448 | D        | Noticed a basilisk
  6448 | D        | Noticed a steam dragon
  6448 | D        | Noticed a lindwurm
  6448 | D        | Noticed a swamp drake
  6448 | D        | Noticed a dire elephant
  6448 | D        | Noticed a mottled dragon
  6448 | D        | Noticed a mottled dragon
  6448 | D        | Noticed a steam dragon
  6448 | D        | Noticed a dire elephant
  6448 | D        | Noticed a komodo dragon
  6448 | D        | Noticed a swamp dragon
  6448 | D        | Noticed a dire elephant
  6448 | D        | Noticed a five-headed hydra
  6448 | D        | Noticed a swamp drake
  6448 | D        | Noticed a golden dragon
  6448 | D        | Noticed a five-headed hydra
  6448 | D        | Noticed a four-headed hydra
  6448 | D        | Noticed a dire elephant
  6448 | D        | Noticed a dire elephant
  6448 | D        | Noticed a lindwurm
  6448 | D        | Noticed a fire drake
  6448 | D        | Noticed a swamp dragon
  6448 | D        | Noticed a dire elephant
  6448 | D        | Noticed an eight-headed hydra
  6448 | D        | Noticed a lindwurm
  6448 | D        | Noticed a catoblepas
  6448 | D        | Noticed an ice dragon
  6448 | D        | Noticed a swamp dragon
  6448 | D        | Noticed a dire elephant
  6449 | D        | Noticed a dire elephant
  6451 | D        | Noticed a catoblepas
  6451 | D        | Noticed a dire elephant
  6455 | D        | Noticed a lindwurm
  6457 | D        | Killed a dire elephant
  6458 | D        | Noticed a steam dragon
  6458 | D        | Noticed a komodo dragon
  6458 | D        | Noticed a swamp drake
  6458 | D        | Noticed a fire drake
  6458 | D        | Noticed a komodo dragon
  6458 | D        | Noticed a catoblepas
  6458 | D        | Noticed a fire drake
  6458 | D        | Noticed a six-headed hydra
  6458 | D        | Noticed a swamp drake
  6458 | D        | Noticed a steam dragon
  6458 | D        | Noticed a catoblepas
  6458 | D        | Noticed a basilisk
  6458 | D        | Noticed a lindwurm
  6458 | D        | Noticed a dire elephant
  6458 | D        | Noticed a wyvern
  6458 | D        | Noticed a komodo dragon
  6458 | D        | Noticed a six-headed hydra
  6458 | D        | Noticed an eight-headed hydra
  6458 | D        | Noticed a steam dragon
  6459 | D        | Killed a steam dragon
  6460 | D        | Killed a mottled dragon
  6462 | D        | Killed a swamp drake
  6462 | D        | Reached skill level 1 in Invocations
  6463 | D        | Killed a fire drake
  6463 | D        | Killed a fire drake
  6472 | D        | Killed a golden dragon
  6475 | D        | Killed a lindwurm
  6478 | D        | Killed a swamp dragon
  6478 | D        | Killed a lindwurm
  6479 | D        | Killed a five-headed hydra
  6479 | D        | Reached skill level 10 in Invocations
  6482 | D        | Killed a five-headed hydra
  6485 | D        | Killed a four-headed hydra
  6488 | D        | Killed a six-headed hydra
  6498 | D        | Killed a dire elephant
  6503 | D        | Killed a catoblepas
  6509 | D        | Killed a dire elephant
  6511 | D        | Killed an eight-headed hydra
  6521 | D        | Killed a dire elephant
  6523 | D        | Killed a swamp dragon
  6527 | D        | Killed a catoblepas
  6529 | D        | Killed a steam dragon
  6538 | D        | Killed a dire elephant
  6538 | D        | Reached skill level 15 in Invocations
  6546 | D        | Killed an ice dragon
  6554 | D        | Killed a six-headed hydra
  6581 | D        | Killed a dire elephant
  6605 | D        | Killed a dire elephant
  6606 | D        | Killed a dire elephant
  6612 | D        | Killed a catoblepas
  6618 | D        | Killed an eight-headed hydra
  6622 | D        | Killed a catoblepas
  6627 | D        | Killed a dire elephant
  6630 | D        | Killed a lindwurm
  6637 | D        | Killed a komodo dragon
  6638 | D        | Killed a lindwurm
  6639 | D        | Killed a komodo dragon
  6641 | D        | Killed a wyvern
  6645 | D        | Killed a swamp dragon
  6647 | D        | Killed a dire elephant
  6648 | D        | Killed a mottled dragon
  6650 | D        | Killed a komodo dragon
  6653 | D        | Killed a komodo dragon
  6657 | D        | Killed a basilisk
  6658 | D        | Killed a steam dragon
  6661 | D        | Killed a steam dragon
  6663 | D        | Killed a lindwurm
  6664 | D        | Killed a fire drake
  6664 | D        | Killed a steam dragon
  6670 | D        | Killed a lindwurm
  6672 | D        | Killed a fire drake
  6674 | D        | Killed a swamp drake
  6676 | D        | Killed a swamp drake
  6678 | D        | Killed a swamp drake
  6680 | D        | Killed a swamp drake
  6689 | D        | Killed a basilisk
  6691 | D        | Killed a steam dragon
  6691 | D        | Reached XP level 17. HP: 96/136 MP: 27/27
  6733 | D        | Got a silver rune of Zot
  6739 | D        | Got the ring of the Equinox {rN+ MR+ Str+6}
  6978 | D        | Noticed a frost giant
  6978 | D        | Noticed a sixfirhy
  6978 | D        | Noticed a black bear
  6978 | D        | Noticed a redback
  6978 | D        | Noticed a redback
  6978 | D        | Noticed a redback
  6978 | D        | Noticed a jumping spider
  6978 | D        | Noticed a spriggan air mage
  6978 | D        | Noticed a yellow draconian
  6978 | D        | Noticed a frost giant
  6979 | D        | Noticed an eidolon
  6980 | D        | Killed a redback
  6981 | D        | Noticed a redback
  6981 | D        | Noticed a death knight
  6981 | D        | Noticed a Hell Sentinel
  6982 | D        | Noticed a Killer Klown
  6983 | D        | Noticed a quicksilver dragon
  6984 | D        | Noticed a tormentor
  6984 | D        | Noticed a hell knight
  6988 | D        | Noticed a hell knight
  7019 | D        | Killed a spriggan air mage
  7021 | D        | Killed a tormentor
  7022 | D        | Killed a quicksilver dragon
  7045 | D        | Killed a Hell Sentinel
  7050 | D        | Killed an eidolon
  7069 | D        | Killed a yellow draconian
  7079 | D        | Noticed a stone giant
  7098 | D        | Killed a stone giant
  7104 | D        | Killed a frost giant
  7104 | D        | Reached skill level 27 in Armour
  7119 | D        | Killed a Killer Klown
  7119 | D        | Reached skill level 27 in Fighting
  7148 | D        | Noticed Xtahua
  7151 | D        | Noticed a hell knight
  7160 | D        | Killed Xtahua
  7167 | D        | Killed a hell knight
  7172 | D        | Noticed a hell knight
  7172 | D        | Killed a hell knight
  7179 | D        | Killed a frost giant
  7179 | D        | Reached skill level 10 in Dodging
  7182 | D        | Killed a hell knight
  7188 | D        | Killed a hell knight
  7217 | D        | Noticed an eye of draining
  7221 | D        | Killed a sixfirhy
  7223 | D        | Noticed a bone dragon
  7224 | D        | Noticed a Brimstone Fiend
  7224 | D        | Noticed a yellow draconian
  7226 | D        | Noticed an ophan
  7226 | D        | Noticed a purple draconian
  7229 | D        | Noticed a deep elf master archer
  7229 | D        | Killed a redback
  7236 | D        | Killed a redback
  7240 | D        | Killed a redback
  7249 | D        | Killed a bone dragon
  7254 | D        | Killed a death knight
  7259 | D        | Noticed a fire giant
  7259 | D        | Killed an eye of draining
  7260 | D        | Noticed a deep elf master archer
  7267 | D        | Killed a purple draconian
  7267 | D        | Killed a jumping spider
  7273 | D        | Killed a deep elf master archer
  7278 | D        | Noticed an ancient lich
  7281 | D        | Killed a yellow draconian
  7283 | D        | Killed a deep elf master archer
  7288 | D        | Killed a Brimstone Fiend
  7295 | D        | Killed an ophan
  7298 | D        | Killed a fire giant
  7305 | D        | Noticed a cacodemon
  7315 | D        | Killed an ancient lich
  7315 | D        | Gained mutation: You tend to lose your temper in combat. [a cacodemon]
  7324 | D        | Killed a cacodemon
  7356 | D        | Noticed a hell beast
  7364 | D        | Killed a hell beast
  7372 | D        | Noticed Weuliza the pandemonium lord
  7404 | D        | Killed Weuliza the pandemonium lord
  7422 | D        | Noticed a wind drake
  7425 | D        | Killed a wind drake
  7431 | D        | Paralysed by a giant eyeball for 4 turns
  7437 | D        | Paralysed by a giant eyeball for 4 turns
  7442 | D        | Noticed Margery
  7442 | D        | Noticed a hell knight
  7444 | D        | Noticed a hell knight
  7445 | D        | Noticed a hell knight
  7446 | D        | Noticed a dire elephant
  7446 | D        | Noticed a necromancer
  7447 | D        | Noticed a hell knight
  7449 | D        | Noticed a blizzard demon
  7458 | D        | Killed Margery
  7463 | D        | Killed a hell knight
  7463 | D        | Reached XP level 18. HP: 123/145 MP: 28/28
  7466 | D        | Killed a necromancer
  7468 | D        | Noticed a tormentor
  7470 | D        | Noticed a sphinx
  7471 | D        | Noticed a hellephant
  7471 | D        | Noticed an orc warlord
  7475 | D        | Noticed a green draconian annihilator
  7475 | D        | Killed a dire elephant
  7477 | D        | Noticed a necromancer
  7477 | D        | Noticed a yellow draconian
  7478 | D        | Killed a hell knight
  7478 | D        | Killed a hell knight
  7479 | D        | Noticed a ghost moth
  7480 | D        | Noticed a reaper
  7480 | D        | Killed a hell knight
  7484 | D        | Noticed a red draconian
  7484 | D        | Noticed an orc warrior
  7485 | D        | Noticed an orc wizard
  7485 | D        | Killed a blizzard demon
  7486 | D        | Killed a yellow draconian
  7487 | D        | Killed an orc warlord
  7490 | D        | Killed a necromancer
  7491 | D        | Killed a tormentor
  7493 | D        | Killed a ghost moth
  7495 | D        | Killed a green draconian annihilator
  7500 | D        | Killed a sphinx
  7501 | D        | Killed an orc warrior
  7502 | D        | Killed an orc wizard
  7509 | D        | Killed a red draconian
  7532 | D        | Killed a hellephant
  7541 | D        | Killed a reaper
  7601 | D        | Noticed a lich
  7609 | D        | Killed a lich
  7621 | D        | Lost mutation: You tend to lose your temper in combat. [potion of cure mutation]
  7621 | D        | Lost mutation: Your magical capacity is low (-10% MP). [potion of cure mutation]
  7621 | D        | Lost mutation: You expend magic power (3 MP) to strengthen your wands. [potion of cure mutation]
  7897 | D        | Noticed Qybb the pandemonium lord
  7931 | D        | Noticed a tentacled monstrosity
  7932 | D        | Gained mutation: You are dopey. (Int -2) [a cacodemon]
  7943 | D        | Gained mutation: Armour fits poorly on your strangely shaped body. [a cacodemon]
  7951 | D        | Killed Qybb the pandemonium lord
  7988 | D        | Noticed a quicksilver dragon
  7992 | D        | Killed a quicksilver dragon
  7995 | D        | Noticed a Brimstone Fiend
  8005 | D        | Killed a Brimstone Fiend
  8095 | D        | Noticed Jory
  8130 | D        | Killed Jory
  8133 | D        | Noticed a titan
  8145 | D        | Killed a titan
  8205 | D        | Noticed a tentacled monstrosity
  8213 | D        | Killed a tentacled monstrosity
  8229 | D        | Noticed Norris
  8229 | D        | Noticed a harpy
  8229 | D        | Noticed a harpy
  8229 | D        | Noticed a harpy
  8229 | D        | Noticed a harpy
  8229 | D        | Noticed an orb of fire
  8229 | D        | Noticed a deep elf sorcerer
  8229 | D        | Noticed an angel
  8231 | D        | Killed a harpy
  8234 | D        | Gained mutation: Potions and wands are less effective at restoring your health. [an orb of fire]
  8241 | D        | Gained mutation: You expend magic power (3 MP) to strengthen your wands. [an orb of fire]
  8245 | D        | Gained mutation: Your spells are a little easier to cast, but a little less powerful. [an orb of fire]
  8248 | D        | Gained mutation: You are weak. (Str -2) [an orb of fire]
  8258 | D        | Killed an orb of fire
  8261 | D        | Killed a harpy
  8307 | D        | Killed an angel
  8312 | D        | Killed a harpy
  8317 | D        | Killed a harpy
  8345 | D        | Killed a deep elf sorcerer
  8349 | D        | Killed Norris
  8415 | D        | Noticed an electric golem
  8427 | D        | Killed an electric golem
  8480 | D        | Noticed an iron dragon
  8508 | D        | Killed an iron dragon
  8511 | D        | Noticed a shadow dragon
  8535 | D        | Killed a shadow dragon
  8537 | D        | Noticed a pearl dragon
  8562 | D        | Killed a pearl dragon
  8640 | D        | Noticed a greater mummy
  8659 | D        | Killed a greater mummy
  8662 | D        | Noticed an azure jelly
  8668 | D        | Killed an azure jelly
  8668 | D        | Reached skill level 27 in Dodging
  8668 | D        | Reached XP level 19. HP: 151/151 MP: 33/33
  8737 | D        | Noticed a purple draconian scorcher
  8750 | D        | Killed a purple draconian scorcher
  8753 | D        | Noticed a Shadow Fiend
  8765 | D        | Killed a Shadow Fiend
  8770 | D        | Noticed Xarch the pandemonium lord
  8812 | D        | Killed Xarch the pandemonium lord
  8819 | D        | Noticed a cacodemon
  8828 | D        | Killed a cacodemon
  8833 | D        | Noticed a greater mummy
  8857 | D        | Noticed an angel
  8857 | D        | Killed a greater mummy
  8859 | D        | Lost mutation: Armour fits poorly on your strangely shaped body. [potion of cure mutation]
  8859 | D        | Lost mutation: You are weak. (Str -2) [potion of cure mutation]
  8859 | D        | Lost mutation: You are dopey. (Int -2) [potion of cure mutation]
  8859 | D        | Lost mutation: You expend magic power (3 MP) to strengthen your wands. [potion of cure mutation]
  8870 | D        | Killed an angel
  8903 | D        | Noticed a green death
  8908 | D        | Killed a green death
  8978 | D        | Noticed a ghost moth
  8992 | D        | Killed a ghost moth
  9000 | D        | Noticed a deep elf master archer
  9006 | D        | Killed a deep elf master archer
  9010 | D        | Noticed a mottled draconian annihilator
  9010 | D        | Noticed Lom Lobon
  9010 | D        | Noticed a deep elf blademaster
  9024 | D        | Killed a deep elf blademaster
  9025 | D        | Killed a mottled draconian annihilator
  9057 | D        | HP: 6/151 [Lom Lobon/great icy blast (47)]
  9081 | D        | HP: 7/151 [Lom Lobon/great icy blast (38)]
  9083 | D        | Killed from afar by Lom Lobon

Action                   |  1- 3 |  4- 6 |  7- 9 | 10-12 | 13-15 | 16-18 | 19-21 || total
-------------------------+-------+-------+-------+-------+-------+-------+-------++-------
Melee: Flail             |     6 |       |       |       |   343 |  1085 |   204 ||  1638
       Mace              |       |    90 |   115 |       |       |       |       ||   205
       Morningstar       |       |       |    27 |   420 |   397 |       |       ||   844
Throw: Javelin           |       |       |       |     7 |       |       |       ||     7
Invok: Upheaval          |       |       |     1 |     1 |       |       |       ||     2
Evoke: Wand              |       |       |       |       |     3 |     3 |     1 ||     7
       Phial of floods   |       |       |       |       |       |       |     1 ||     1
  Use: Potion            |       |       |     5 |     6 |     5 |     8 |    13 ||    37
       Scroll            |       |       |     1 |     4 |     1 |    10 |       ||    16
 Stab: Petrified         |       |       |       |       |       |    17 |       ||    17
       Confused          |       |       |       |       |       |     4 |       ||     4
       Petrifying        |       |       |       |       |       |     3 |       ||     3
  Eat: Meat ration       |       |     1 |     1 |     1 |     2 |     2 |       ||     7
       Chunk             |       |       |     2 |       |     2 |    10 |       ||    14
